Spitfire vs Gangsters
Created - 22 mars 2014 at 19:21
Goals
|
| Spitfire |
0 |
2 |
1 |
3 |
| Gangsters |
0 |
4 |
0 |
4 |
|
Shots
|
| Spitfire |
3 |
12 |
1 |
16 |
| Gangsters |
2 |
17 |
6 |
25 |
|
1st period
No Goal
Penalties :
Denis Shvidki (Val) for Hooking (Minor) at 9:42, Brock Bradford (Bro) for Goalie Interference (Minor) at 13:03
2nd period
1. Gangsters , Ryan Jones 21 (Cory Murphy, Chris Bourque) at 1:58
2. Spitfire , Matt Walker 8 (Mathieu Roy, Todd Ford) at 3:25 (PP)
3. Gangsters , Maxime Sauvé 4 (Dave Dziurzynski, Brock Bradford) at 5:44
4. Gangsters , Alexandre Bolduc 32 (Chris Bourque) at 11:15
5. Gangsters , Ryan Keller 36 (Cory Murphy, Brock Bradford) at 18:27
6. Spitfire , Denis Shvidki 42 (Kris Beech) at 19:30
Penalties :
Dave Dziurzynski (Bro) for Hooking (Minor) at 2:52, Erik Condra (Val) for Hooking (Minor) at 19:55
3rd period
7. Spitfire , Danny Syvret 2 (Tim Kennedy) at 16:34 (SH)
Penalties :
Kris Beech (Val) for Holding (Minor) at 4:43, Kris Beech (Val) for Holding (Minor) at 13:03, Andrew Campbell (Val) for Holding (Minor) at 15:59
Goalie Stats
Todd Ford (Val), 13 saves from 17 shots - (0,765), L, 18-16-4, 38:27 minutes
Yann Danis (Val), 8 saves from 8 shots - (1,000), 21:06 minutes
David LeNeveu (Bro), 13 saves from 16 shots - (0,813), W, 21-23-3, 60:00 minutes
Players Stats for Spitfire
Player Name G A P +/- PIM S H SB GA TA FO MP PP MP PK MP
------------------------------------------------------------------------------------
Andrew Campbell 0 0 0 -1 2 0 0 0 0 0 0/0 10:46 0:00 0:00
Brad Staubitz 0 0 0 0 0 0 1 0 0 0 1/1 12:09 0:14 0:00
Danny Syvret 1 0 1 0 0 2 2 2 0 0 0/0 17:45 1:00 3:56
Denis Shvidki 1 0 1 1 2 3 0 0 1 0 4/10 23:50 1:26 4:03
Eric Mestery 0 0 0 0 0 0 0 0 0 0 0/0 7:04 0:00 0:00
Erik Condra 0 0 0 -1 2 1 1 1 0 0 0/0 18:16 1:06 1:24
Josh Brittain 0 0 0 0 0 0 0 0 0 0 0/0 0:00 0:00 0:00
Keaton Ellerby 0 0 0 0 0 0 1 2 0 0 0/0 17:00 1:00 3:56
Kris Beech 0 1 1 -1 4 3 0 1 0 0 9/22 21:45 1:12 3:19
MacGregor Sharp 0 0 0 -2 0 1 2 1 0 0 3/7 19:21 1:06 2:09
Mathieu Roy 0 1 1 -1 0 0 0 5 3 0 0/0 25:13 1:32 5:59
Matt Delahey 0 0 0 0 0 0 0 0 0 0 0/0 7:04 0:00 0:00
Matt Walker 1 0 1 -1 0 2 2 0 0 1 0/0 25:13 1:32 5:59
Michael Stone 0 0 0 -1 0 0 0 0 0 1 0/0 10:43 0:00 0:00
Patrick Davis 0 0 0 0 0 0 0 0 0 0 0/0 1:17 0:00 0:00
Paul Bissonnette 0 0 0 -2 0 1 2 0 1 0 0/2 17:36 1:06 0:50
Radek Smolenak 0 0 0 0 0 1 2 2 1 0 1/5 14:47 0:00 3:27
Raymond Sawada 0 0 0 -2 0 0 0 0 0 0 0/0 10:27 0:00 0:00
Tim Kennedy 0 1 1 2 0 1 0 0 0 0 1/3 17:25 1:26 2:01
Tony Lucia 0 0 0 -2 0 1 0 0 0 0 1/1 12:19 0:00 2:37
Players Stats for Gangsters
Player Name G A P +/- PIM S H SB GA TA FO MP PP MP PK MP
------------------------------------------------------------------------------------
Alexandre Bolduc 1 0 1 -1 0 4 3 0 0 1 14/27 22:12 4:54 0:26
Artem Anisimov 0 0 0 1 0 0 2 1 0 1 6/9 18:14 4:48 0:00
Ben Holmstrom 0 0 0 0 0 0 0 0 0 0 0/0 0:00 0:00 0:00
Bradley Malone 0 0 0 0 0 0 0 0 0 0 0/0 2:59 0:00 0:00
Brock Bradford 0 2 2 2 2 2 1 0 0 1 4/5 14:11 0:27 0:00
Bryan Young 0 0 0 1 0 0 0 1 0 0 0/0 21:18 4:31 0:39
Chris Bourque 0 2 2 -1 0 6 0 0 0 0 2/2 24:47 5:07 1:19
Colten Teubert 0 0 0 2 0 0 2 0 0 0 0/0 16:19 0:46 0:13
Cory Murphy 0 2 2 1 0 1 2 0 0 1 0/0 27:16 5:10 1:40
Dave Dziurzynski 0 1 1 2 2 0 3 0 0 0 0/0 12:54 0:00 0:26
Luke Gazdic 0 0 0 0 0 0 1 0 0 0 0/0 10:38 0:00 0:00
Maxime Sauvé 1 0 1 1 0 2 2 0 0 0 1/1 12:21 0:08 0:00
Nathan Moon 0 0 0 0 0 0 0 0 0 0 0/0 0:00 0:00 0:00
Nick Foligno 0 0 0 1 0 1 2 0 0 0 0/0 19:21 4:40 0:58
Phil McRae 0 0 0 0 0 0 0 0 0 0 0/0 0:13 0:00 0:00
Ryan Jones 1 0 1 1 0 4 3 0 0 0 0/0 19:34 4:40 0:35
Ryan Keller 1 0 1 0 0 2 2 0 1 1 4/7 25:26 5:07 1:20
Shaun Heska 0 0 0 0 0 2 2 0 1 1 0/0 22:41 4:07 0:52
Ville Koistinen 0 0 0 0 0 1 1 0 0 0 0/0 27:02 5:10 1:40
3 Stars
1 - Ryan Jones (Bro)
2 - Maxime Sauvé (Bro)
3 - Cory Murphy (Bro)
Power Play
Spitfire - 1 on 2 Attempt(s) - 50,00%
Gangsters - 0 on 5 Attempt(s) - 0,00%
Penalty Kill
Spitfire - 5 on 5 Attempt(s) - 100,00%
- Score 1 goal in Penalty Kill
Gangsters - 1 on 2 Attempt(s) - 50,00%
- Score 0 goal in Penalty Kill
Official
Referees : Hasenfratz Mike and McCreary Bill
Linesman : Greg Devorski and Vaughan Rody
Game Notes
Yann Danis enters game at 18:27 of 2nd period
Finance
Level 1 -- Attendance: 1525 (76,25%) -- Ticket Income 53 375 $
Level 2 -- Attendance: 709 (70,90%) -- Ticket Income 10 635 $
Total Attendance: 2234 (74,47%)
Total Ticket Income: 64 010 $
Other Income: 3 200 $
Total Income: 67 210 $
Spitfire
5 vs 5 Forward
Center Left Wing Right Wing Time % Phy DF OF
1 Kris Beech Tim Kennedy Denis Shvidki 40 1 2 2
2 MacGregor Sharp Paul Bissonnette Erik Condra 30 1 2 2
3 Denis Shvidki Radek Smolenak Brad Staubitz 20 1 2 2
4 Kris Beech Tony Lucia Raymond Sawada 10 1 2 2
5 vs 5 Defense
Defense Defense Time % Phy DF OF
1 Matt Walker Mathieu Roy 40 1 2 2
2 Keaton Ellerby Danny Syvret 30 1 2 2
3 Andrew Campbell Michael Stone 20 1 2 2
4 Matt Delahey Eric Mestery 10 1 2 2
PowerPlay Forward
Center Left Wing Right Wing Time % Phy DF OF
1 Kris Beech Tim Kennedy Denis Shvidki 60 1 2 2
2 MacGregor Sharp Paul Bissonnette Erik Condra 40 1 2 2
PowerPlay Defense
Defense Defense Time % Phy DF OF
1 Matt Walker Mathieu Roy 60 1 2 2
2 Keaton Ellerby Danny Syvret 40 1 2 2
Penalty Kill 4 Players Forward
Center Wing Time % Phy DF OF
1 Denis Shvidki Kris Beech 60 1 2 2
2 Tim Kennedy Erik Condra 40 1 2 2
Penalty Kill 4 Players Defense
Defense Defense Time % Phy DF OF
1 Matt Walker Mathieu Roy 60 1 2 2
2 Keaton Ellerby Danny Syvret 40 1 2 2
Penalty Kill - 3 Players Forward
Forward Time % Phy DF OF
1 Denis Shvidki 60 1 2 2
2 Kris Beech 40 1 2 2
Penalty Kill - 3 Players Defense
Defense Defense Time % Phy DF OF
1 Matt Walker Mathieu Roy 60 1 2 2
2 Keaton Ellerby Danny Syvret 40 1 2 2
4 vs 4 Forward
Center Wing Time % Phy DF OF
1 Denis Shvidki Kris Beech 60 1 2 2
2 Tim Kennedy Erik Condra 40 1 2 2
4 vs 4 Defense
Defense Defense Time % Phy DF OF
1 Matt Walker Mathieu Roy 60 1 2 2
2 Keaton Ellerby Danny Syvret 40 1 2 2
Last Minutes Offensive
Center Left Wing Right Wing Defense Defense
Kris Beech Tim Kennedy Denis Shvidki Matt Walker Mathieu Roy
Last Minutes Defensive
Center Left Wing Right Wing Defense Defense
Kris Beech Tim Kennedy Denis Shvidki Matt Walker Mathieu Roy
Goaltenders
Starting : Todd Ford
Backup : Yann Danis
Extra Forwards
Normal : Brad Staubitz, Raymond Sawada, Radek Smolenak - PP : Brad Staubitz, Raymond Sawada - PK : Radek Smolenak
Extra Defensemen
Normal : Andrew Campbell, Michael Stone, Matt Delahey - PP : Andrew Campbell - PK : Michael Stone, Matt Delahey
Penalty Shots
Denis Shvidki, Kris Beech, Tim Kennedy, Erik Condra, Brad Staubitz
Gangsters
5 vs 5 Forward
Center Left Wing Right Wing Time % Phy DF OF
1 Alexandre Bolduc Chris Bourque Ryan Keller 40 1 2 2
2 Artem Anisimov Nick Foligno Ryan Jones 30 1 2 2
3 Brock Bradford Dave Dziurzynski Ryan Keller 20 1 2 2
4 Maxime Sauvé Luke Gazdic Chris Bourque 10 1 2 2
5 vs 5 Defense
Defense Defense Time % Phy DF OF
1 Cory Murphy Ville Koistinen 40 1 2 2
2 Shaun Heska Bryan Young 30 1 2 2
3 Colten Teubert Cory Murphy 20 1 2 2
4 Ville Koistinen Shaun Heska 10 1 2 2
PowerPlay Forward
Center Left Wing Right Wing Time % Phy DF OF
1 Alexandre Bolduc Chris Bourque Ryan Keller 60 1 2 2
2 Artem Anisimov Nick Foligno Ryan Jones 40 1 2 2
PowerPlay Defense
Defense Defense Time % Phy DF OF
1 Cory Murphy Ville Koistinen 60 1 2 2
2 Shaun Heska Bryan Young 40 1 2 2
Penalty Kill 4 Players Forward
Center Wing Time % Phy DF OF
1 Ryan Keller Chris Bourque 60 1 2 2
2 Nick Foligno Ryan Jones 40 1 2 2
Penalty Kill 4 Players Defense
Defense Defense Time % Phy DF OF
1 Cory Murphy Ville Koistinen 60 1 2 2
2 Shaun Heska Bryan Young 40 1 2 2
Penalty Kill - 3 Players Forward
Forward Time % Phy DF OF
1 Ryan Keller 60 1 2 2
2 Chris Bourque 40 1 2 2
Penalty Kill - 3 Players Defense
Defense Defense Time % Phy DF OF
1 Cory Murphy Ville Koistinen 60 1 2 2
2 Shaun Heska Bryan Young 40 1 2 2
4 vs 4 Forward
Center Wing Time % Phy DF OF
1 Ryan Keller Chris Bourque 60 1 2 2
2 Nick Foligno Ryan Jones 40 1 2 2
4 vs 4 Defense
Defense Defense Time % Phy DF OF
1 Cory Murphy Ville Koistinen 60 1 2 2
2 Shaun Heska Bryan Young 40 1 2 2
Last Minutes Offensive
Center Left Wing Right Wing Defense Defense
Alexandre Bolduc Chris Bourque Ryan Keller Cory Murphy Ville Koistinen
Last Minutes Defensive
Center Left Wing Right Wing Defense Defense
Alexandre Bolduc Chris Bourque Ryan Keller Cory Murphy Ville Koistinen
Goaltenders
Starting : David LeNeveu
Backup : Dustin Tokarski
Extra Forwards
Normal : Brock Bradford, Maxime Sauvé, Dave Dziurzynski - PP : Brock Bradford, Maxime Sauvé - PK : Dave Dziurzynski
Extra Defensemen
Normal : Colten Teubert, Bryan Young, Cory Murphy - PP : Colten Teubert - PK : Bryan Young, Cory Murphy
Penalty Shots
Ryan Keller, Chris Bourque, Nick Foligno, Ryan Jones, Alexandre Bolduc
% Time on Ice - Spitfire
Lines # - Real PCT - Wanted PCT - Time Play
Normal Forward
1 - 29% - 40% - 13:36
2 - 34% - 30% - 15:46
3 - 18% - 20% - 8:19
4 - 19% - 10% - 8:59
Normal Defense
1 - 38% - 40% - 17:42
2 - 26% - 30% - 12:04
3 - 21% - 20% - 9:50
4 - 15% - 10% - 7:04
PP Forward
1 - 57% - 60% - 1:26
2 - 43% - 40% - 1:06
PP Defense
1 - 61% - 60% - 1:32
2 - 39% - 40% - 1:00
PK Forward
1 - 80% - 60% - 7:54
2 - 20% - 40% - 2:01
PK Defense
1 - 60% - 60% - 5:59
2 - 40% - 40% - 3:56
PK3 Forward
1 - 0% - 60%
2 - 0% - 40%
PK3 Defense
1 - 0% - 60%
2 - 0% - 40%
44 Forward
1 - 0% - 60%
2 - 0% - 40%
44 Defense
1 - 0% - 60%
2 - 0% - 40%
Last Minute Offensive - 0:53
Last Minute Defensive - 0:00
Total
Forward - 60:00
Defense - 60:00
|
% Time on Ice - Gangsters
Lines # - Real PCT - Wanted PCT - Time Play
Normal Forward
1 - 24% - 40% - 11:20
2 - 32% - 30% - 14:43
3 - 23% - 20% - 10:40
4 - 21% - 10% - 9:35
Normal Defense
1 - 35% - 40% - 16:11
2 - 33% - 30% - 15:17
3 - 25% - 20% - 11:28
4 - 7% - 10% - 3:22
PP Forward
1 - 52% - 60% - 5:07
2 - 48% - 40% - 4:48
PP Defense
1 - 54% - 60% - 5:24
2 - 46% - 40% - 4:31
PK Forward
1 - 77% - 60% - 1:57
2 - 23% - 40% - 0:35
PK Defense
1 - 66% - 60% - 1:40
2 - 34% - 40% - 0:52
PK3 Forward
1 - 0% - 60%
2 - 0% - 40%
PK3 Defense
1 - 0% - 60%
2 - 0% - 40%
44 Forward
1 - 0% - 60%
2 - 0% - 40%
44 Defense
1 - 0% - 60%
2 - 0% - 40%
Last Minute Offensive - 0:00
Last Minute Defensive - 1:15
Total
Forward - 60:00
Defense - 60:00
|
Play by Play
1st period
0:01 of 1st period - Alexandre Bolduc wins face-off versus Kris Beech in neutral zone.
0:04 of 1st period - Wrist shot by Ryan Keller.
0:04 of 1st period - Stopped by Todd Ford without a rebound.
0:05 of 1st period - Kris Beech wins face-off versus Alexandre Bolduc in Spitfire zone.
0:54 of 1st period - Snap shot by Denis Shvidki.
0:54 of 1st period - Stopped by David LeNeveu without a rebound.
0:55 of 1st period - Chris Bourque wins face-off versus Denis Shvidki in Gangsters zone.
1:06 of 1st period - Snap shot by Bryan Young.
1:06 of 1st period - Shot Blocked by Radek Smolenak.
1:18 of 1st period - Kris Beech is hit by Ryan Jones.
1:40 of 1st period - Wrist shot by Erik Condra.
1:40 of 1st period - Stopped by David LeNeveu with a rebound.
2:26 of 1st period - Snap shot by Denis Shvidki.
2:26 of 1st period - Deflect By Kris Beech.
2:26 of 1st period - Shot Blocked by Artem Anisimov.
2:26 of 1st period - Puck is out of play.
2:27 of 1st period - Artem Anisimov wins face-off versus Paul Bissonnette in Gangsters zone.
3:07 of 1st period - Mathieu Roy is hit by Ville Koistinen and loses puck.
3:22 of 1st period - Bryan Young is hit by Matt Walker and loses puck.
4:00 of 1st period - Slapshot by Radek Smolenak.
4:00 of 1st period - Stopped by David LeNeveu with a rebound.
5:10 of 1st period - Snap shot by Maxime Sauvé.
5:10 of 1st period - Stopped by Todd Ford with a rebound.
6:03 of 1st period - Denis Shvidki is hit by Dave Dziurzynski and loses puck.
6:58 of 1st period - Chris Bourque is hit by Paul Bissonnette and loses puck.
7:15 of 1st period - MacGregor Sharp is hit by Alexandre Bolduc and loses puck.
9:42 of 1st period - Minor Penalty to Denis Shvidki for Hooking.
9:43 of 1st period - Radek Smolenak wins face-off versus Artem Anisimov in Spitfire zone.
9:52 of 1st period - Kris Beech is hit by Nick Foligno and loses puck.
10:07 of 1st period - Mathieu Roy is hit by Cory Murphy and loses puck.
10:25 of 1st period - Icing by Shaun Heska.
10:26 of 1st period - Alexandre Bolduc wins face-off versus Radek Smolenak in Gangsters zone.
10:50 of 1st period - Snap shot by Nick Foligno.
10:50 of 1st period - Deflect By Ryan Jones.
10:50 of 1st period - Shot Blocked by Mathieu Roy.
10:50 of 1st period - Puck is out of play.
10:51 of 1st period - Artem Anisimov wins face-off versus Radek Smolenak in Spitfire zone.
10:52 of 1st period - Slapshot by Nick Foligno.
10:52 of 1st period - Shot Blocked by Danny Syvret.
10:54 of 1st period - Slapshot by Cory Murphy.
10:54 of 1st period - Shot Blocked by Radek Smolenak.
10:56 of 1st period - Wrist shot by Ryan Jones.
10:56 of 1st period - Shot Misses the Net.
10:58 of 1st period - Slapshot by Ryan Jones.
10:58 of 1st period - Shot Blocked by Keaton Ellerby.
11:04 of 1st period - Wrist shot by Ryan Jones.
11:04 of 1st period - Shot Blocked by Danny Syvret.
11:42 of 1st period - Penalty to Denis Shvidki is over, Denis Shvidki is back on ice.
11:45 of 1st period - MacGregor Sharp is hit by Alexandre Bolduc and loses puck.
12:07 of 1st period - Slapshot by Cory Murphy.
12:07 of 1st period - Shot Blocked by Keaton Ellerby.
13:03 of 1st period - Minor Penalty to Brock Bradford for Goalie Interference.
13:04 of 1st period - Ryan Keller wins face-off versus Kris Beech in Gangsters zone.
13:31 of 1st period - Chris Bourque is hit by MacGregor Sharp and loses puck.
14:53 of 1st period - Icing by Brad Staubitz.
14:54 of 1st period - Brad Staubitz wins face-off versus Alexandre Bolduc in Spitfire zone.
15:03 of 1st period - Penalty to Brock Bradford is over, Brock Bradford is back on ice.
16:10 of 1st period - Cory Murphy is hit by MacGregor Sharp and loses puck.
19:02 of 1st period - Colten Teubert is hit by Radek Smolenak and loses puck.
Goals for this period are 0 for Spitfire vs 0 for Gangsters.
Shots for this period are 3 for Spitfire vs 2 for Gangsters.
2nd period
0:01 of 2nd period - Kris Beech wins face-off versus Alexandre Bolduc in neutral zone.
0:14 of 2nd period - Wrist shot by Tim Kennedy.
0:14 of 2nd period - Shot Hit the Post.
0:16 of 2nd period - Snap shot by Kris Beech.
0:16 of 2nd period - Stopped by David LeNeveu without a rebound.
0:17 of 2nd period - Artem Anisimov wins face-off versus MacGregor Sharp in Gangsters zone.
0:24 of 2nd period - Snap shot by Erik Condra.
0:24 of 2nd period - Shot Misses the Net.
0:26 of 2nd period - Backhand shot by Matt Walker.
0:26 of 2nd period - Deflect By MacGregor Sharp.
0:26 of 2nd period - Stopped by David LeNeveu with a rebound.
0:28 of 2nd period - Snap shot by Paul Bissonnette.
0:28 of 2nd period - Stopped by David LeNeveu with a rebound.
0:30 of 2nd period - Slapshot by Matt Walker.
0:30 of 2nd period - Stopped by David LeNeveu without a rebound.
0:31 of 2nd period - Kris Beech wins face-off versus Alexandre Bolduc in Gangsters zone.
1:20 of 2nd period - Brad Staubitz is hit by Brock Bradford and loses puck.
1:44 of 2nd period - Snap shot by Chris Bourque.
1:44 of 2nd period - Shot Misses the Net.
1:58 of 2nd period - Slapshot by Ryan Jones.
1:58 of 2nd period - Goal by Ryan Jones - Spitfire : 0 - Gangsters : 1.
1:59 of 2nd period - Kris Beech wins face-off versus Alexandre Bolduc in neutral zone.
2:02 of 2nd period - Wrist shot by Tim Kennedy.
2:02 of 2nd period - Stopped by David LeNeveu with a rebound.
2:12 of 2nd period - Snap shot by Alexandre Bolduc.
2:12 of 2nd period - Stopped by Todd Ford with a rebound.
2:14 of 2nd period - Slapshot by Bryan Young.
2:14 of 2nd period - Deflect By Chris Bourque.
2:14 of 2nd period - Shot Blocked by Mathieu Roy.
2:14 of 2nd period - Puck is out of play.
2:15 of 2nd period - MacGregor Sharp wins face-off versus Alexandre Bolduc in Spitfire zone.
2:45 of 2nd period - Snap shot by Ryan Jones.
2:45 of 2nd period - Shot Misses the Net.
2:52 of 2nd period - Minor Penalty to Dave Dziurzynski for Hooking.
2:53 of 2nd period - Kris Beech wins face-off versus Ryan Keller in Gangsters zone.
3:09 of 2nd period - Wrist shot by Denis Shvidki.
3:09 of 2nd period - Stopped by David LeNeveu with a rebound.
3:25 of 2nd period - Slapshot by Matt Walker.
3:25 of 2nd period - Goal by Matt Walker - Spitfire : 1 - Gangsters : 1.
3:26 of 2nd period - Tim Kennedy wins face-off versus Alexandre Bolduc in neutral zone.
3:51 of 2nd period - Matt Walker is hit by Ryan Jones and loses puck.
3:56 of 2nd period - Snap shot by Ryan Jones.
3:56 of 2nd period - Stopped by Todd Ford with a rebound.
5:42 of 2nd period - Snap shot by Brock Bradford.
5:42 of 2nd period - Stopped by Todd Ford with a rebound.
5:44 of 2nd period - Snap shot by Dave Dziurzynski.
5:44 of 2nd period - Deflect By Maxime Sauvé.
5:44 of 2nd period - Goal by Maxime Sauvé - Spitfire : 1 - Gangsters : 2.
5:45 of 2nd period - Alexandre Bolduc wins face-off versus Kris Beech in neutral zone.
5:47 of 2nd period - Off-side.
5:48 of 2nd period - Denis Shvidki wins face-off versus Alexandre Bolduc in neutral zone.
5:55 of 2nd period - Snap shot by Kris Beech.
5:55 of 2nd period - Stopped by David LeNeveu without a rebound.
5:56 of 2nd period - Ryan Keller wins face-off versus Kris Beech in Gangsters zone.
6:21 of 2nd period - Mathieu Roy is hit by Nick Foligno and loses puck.
6:29 of 2nd period - Wrist shot by Nick Foligno.
6:29 of 2nd period - Shot Misses the Net.
7:27 of 2nd period - Andrew Campbell is hit by Cory Murphy and loses puck.
8:29 of 2nd period - Kris Beech is hit by Maxime Sauvé and loses puck.
8:54 of 2nd period - Alexandre Bolduc is hit by Paul Bissonnette.
10:41 of 2nd period - Icing by Chris Bourque.
10:42 of 2nd period - Brock Bradford wins face-off versus Denis Shvidki in Gangsters zone.
11:06 of 2nd period - Slapshot by Ryan Jones.
11:06 of 2nd period - Shot Misses the Net.
11:08 of 2nd period - Wrist shot by Ryan Jones.
11:08 of 2nd period - Stopped by Todd Ford without a rebound.
11:09 of 2nd period - Tony Lucia wins face-off versus Artem Anisimov in Spitfire zone.
11:11 of 2nd period - Icing by Mathieu Roy.
11:12 of 2nd period - Alexandre Bolduc wins face-off versus Kris Beech in Spitfire zone.
11:15 of 2nd period - Snap shot by Alexandre Bolduc.
11:15 of 2nd period - Goal by Alexandre Bolduc - Spitfire : 1 - Gangsters : 3.
11:16 of 2nd period - Kris Beech wins face-off versus Ryan Keller in neutral zone.
11:18 of 2nd period - Off-side.
11:19 of 2nd period - Chris Bourque wins face-off versus Kris Beech in neutral zone.
11:24 of 2nd period - Wrist shot by Chris Bourque.
11:24 of 2nd period - Stopped by Todd Ford without a rebound.
11:25 of 2nd period - Ryan Keller wins face-off versus Tim Kennedy in Spitfire zone.
11:30 of 2nd period - Slapshot by Ryan Keller.
11:30 of 2nd period - Shot Blocked by Kris Beech.
11:32 of 2nd period - Backhand shot by Cory Murphy.
11:32 of 2nd period - Shot Blocked by Mathieu Roy.
11:34 of 2nd period - Wrist shot by Alexandre Bolduc.
11:34 of 2nd period - Stopped by Todd Ford with a rebound.
11:36 of 2nd period - Slapshot by Ville Koistinen.
11:36 of 2nd period - Stopped by Todd Ford with a rebound.
11:38 of 2nd period - Slapshot by Ville Koistinen.
11:38 of 2nd period - Shot Misses the Net.
11:40 of 2nd period - Slapshot by Cory Murphy.
11:40 of 2nd period - Stopped by Todd Ford without a rebound.
11:41 of 2nd period - Alexandre Bolduc wins face-off versus MacGregor Sharp in Spitfire zone.
11:42 of 2nd period - Snap shot by Chris Bourque.
11:42 of 2nd period - Stopped by Todd Ford without a rebound.
11:43 of 2nd period - Alexandre Bolduc wins face-off versus MacGregor Sharp in Spitfire zone.
12:00 of 2nd period - Chris Bourque is hit by Keaton Ellerby and loses puck.
12:21 of 2nd period - Snap shot by Kris Beech.
12:21 of 2nd period - Shot Misses the Net.
12:35 of 2nd period - Bryan Young is hit by Brad Staubitz and loses puck.
12:56 of 2nd period - Snap shot by Kris Beech.
12:56 of 2nd period - Stopped by David LeNeveu with a rebound.
12:58 of 2nd period - Slapshot by Tony Lucia.
12:58 of 2nd period - Shot Misses the Net.
13:52 of 2nd period - Slapshot by Tony Lucia.
13:52 of 2nd period - Stopped by David LeNeveu with a rebound.
14:42 of 2nd period - Paul Bissonnette is hit by Dave Dziurzynski and loses puck.
15:01 of 2nd period - Slapshot by Mathieu Roy.
15:01 of 2nd period - Shot Blocked by Bryan Young.
15:03 of 2nd period - Slapshot by Danny Syvret.
15:03 of 2nd period - Stopped by David LeNeveu with a rebound.
15:25 of 2nd period - Kris Beech is hit by Ryan Jones and loses puck.
16:42 of 2nd period - MacGregor Sharp is hit by Alexandre Bolduc.
17:06 of 2nd period - Danny Syvret is hit by Colten Teubert and loses puck.
18:00 of 2nd period - Icing by Tim Kennedy.
18:01 of 2nd period - Maxime Sauvé wins face-off versus Radek Smolenak in Spitfire zone.
18:11 of 2nd period - Icing by Eric Mestery.
18:12 of 2nd period - Brock Bradford wins face-off versus Kris Beech in Spitfire zone.
18:13 of 2nd period - Snap shot by Ryan Keller.
18:13 of 2nd period - Shot Misses the Net.
18:15 of 2nd period - Slapshot by Shaun Heska.
18:15 of 2nd period - Stopped by Todd Ford with a rebound.
18:17 of 2nd period - Wrist shot by Brock Bradford.
18:17 of 2nd period - Deflect By Tony Lucia.
18:17 of 2nd period - Stopped by Todd Ford without a rebound.
18:18 of 2nd period - Brock Bradford wins face-off versus Kris Beech in Spitfire zone.
18:27 of 2nd period - Snap shot by Ryan Keller.
18:27 of 2nd period - Goal by Ryan Keller - Spitfire : 1 - Gangsters : 4.
18:27 of 2nd period - Yann Danis enters game.
18:28 of 2nd period - Ryan Keller wins face-off versus Kris Beech in neutral zone.
18:39 of 2nd period - Slapshot by Chris Bourque.
18:39 of 2nd period - Stopped by Yann Danis without a rebound.
18:40 of 2nd period - Kris Beech wins face-off versus Ryan Keller in Spitfire zone.
18:55 of 2nd period - Slapshot by Alexandre Bolduc.
18:55 of 2nd period - Stopped by Yann Danis without a rebound.
18:56 of 2nd period - Artem Anisimov wins face-off versus MacGregor Sharp in Spitfire zone.
19:09 of 2nd period - Slapshot by Artem Anisimov.
19:09 of 2nd period - Shot Blocked by MacGregor Sharp.
19:30 of 2nd period - Snap shot by Denis Shvidki.
19:30 of 2nd period - Goal by Denis Shvidki - Spitfire : 2 - Gangsters : 4.
19:31 of 2nd period - Alexandre Bolduc wins face-off versus Kris Beech in neutral zone.
19:55 of 2nd period - Minor Penalty to Erik Condra for Hooking.
19:56 of 2nd period - Denis Shvidki wins face-off versus Alexandre Bolduc in Spitfire zone.
Goals for this period are 2 for Spitfire vs 4 for Gangsters.
Shots for this period are 12 for Spitfire vs 17 for Gangsters.
3rd period
0:01 of 3rd period - Denis Shvidki wins face-off versus Alexandre Bolduc in neutral zone.
0:32 of 3rd period - Slapshot by Shaun Heska.
0:32 of 3rd period - Stopped by Yann Danis without a rebound.
0:33 of 3rd period - Artem Anisimov wins face-off versus Tim Kennedy in Spitfire zone.
0:44 of 3rd period - Nick Foligno is hit by Danny Syvret and loses puck.
1:07 of 3rd period - Snap shot by Chris Bourque.
1:07 of 3rd period - Shot Misses the Net.
1:55 of 3rd period - Penalty to Erik Condra is over, Erik Condra is back on ice.
2:17 of 3rd period - Wrist shot by Chris Bourque.
2:17 of 3rd period - Stopped by Yann Danis without a rebound.
2:18 of 3rd period - Denis Shvidki wins face-off versus Brock Bradford in Spitfire zone.
2:26 of 3rd period - Off-side.
2:27 of 3rd period - MacGregor Sharp wins face-off versus Alexandre Bolduc in neutral zone.
2:46 of 3rd period - Erik Condra is hit by Ryan Keller.
3:00 of 3rd period - Slapshot by Ryan Jones.
3:00 of 3rd period - Shot Blocked by Mathieu Roy.
3:02 of 3rd period - Wrist shot by Ryan Jones.
3:02 of 3rd period - Shot Misses the Net.
3:04 of 3rd period - Snap shot by Shaun Heska.
3:04 of 3rd period - Shot Misses the Net.
3:06 of 3rd period - Snap shot by Ryan Jones.
3:06 of 3rd period - Stopped by Yann Danis with a rebound.
3:13 of 3rd period - Icing by Mathieu Roy.
3:14 of 3rd period - Brock Bradford wins face-off versus Denis Shvidki in Spitfire zone.
3:17 of 3rd period - Slapshot by Cory Murphy.
3:17 of 3rd period - Shot Blocked by Mathieu Roy.
3:45 of 3rd period - Slapshot by Shaun Heska.
3:45 of 3rd period - Deflect By Chris Bourque.
3:45 of 3rd period - Shot Misses the Net.
3:45 of 3rd period - Puck is out of play.
3:46 of 3rd period - MacGregor Sharp wins face-off versus Alexandre Bolduc in Spitfire zone.
3:54 of 3rd period - Off-side.
3:55 of 3rd period - Alexandre Bolduc wins face-off versus Paul Bissonnette in neutral zone.
4:08 of 3rd period - Alexandre Bolduc is hit by Erik Condra and loses puck.
4:30 of 3rd period - Wrist shot by Ryan Keller.
4:30 of 3rd period - Shot Blocked by Erik Condra.
4:34 of 3rd period - Snap shot by Chris Bourque.
4:34 of 3rd period - Stopped by Yann Danis without a rebound.
4:35 of 3rd period - Artem Anisimov wins face-off versus Kris Beech in Spitfire zone.
4:40 of 3rd period - Slapshot by Nick Foligno.
4:40 of 3rd period - Stopped by Yann Danis without a rebound.
4:41 of 3rd period - Kris Beech wins face-off versus Artem Anisimov in Spitfire zone.
4:43 of 3rd period - Minor Penalty to Kris Beech for Holding.
4:44 of 3rd period - Alexandre Bolduc wins face-off versus Radek Smolenak in Spitfire zone.
5:10 of 3rd period - Snap shot by Nick Foligno.
5:10 of 3rd period - Shot Misses the Net.
6:30 of 3rd period - Artem Anisimov is hit by Matt Walker and loses puck.
6:43 of 3rd period - Penalty to Kris Beech is over, Kris Beech is back on ice.
7:21 of 3rd period - Radek Smolenak is hit by Dave Dziurzynski and loses puck.
8:50 of 3rd period - Brad Staubitz is hit by Luke Gazdic and loses puck.
9:35 of 3rd period - Cory Murphy is hit by Danny Syvret and loses puck.
11:45 of 3rd period - Tony Lucia is hit by Shaun Heska and loses puck.
13:03 of 3rd period - Minor Penalty to Kris Beech for Holding.
13:04 of 3rd period - Alexandre Bolduc wins face-off versus Denis Shvidki in Spitfire zone.
13:28 of 3rd period - Mathieu Roy is hit by Ryan Keller and loses puck.
13:45 of 3rd period - Mathieu Roy is hit by Artem Anisimov and loses puck.
14:48 of 3rd period - Colten Teubert is hit by Radek Smolenak.
15:03 of 3rd period - Penalty to Kris Beech is over, Kris Beech is back on ice.
15:53 of 3rd period - Tim Kennedy is hit by Maxime Sauvé.
15:59 of 3rd period - Minor Penalty to Andrew Campbell for Holding.
16:00 of 3rd period - Alexandre Bolduc wins face-off versus Denis Shvidki in Spitfire zone.
16:34 of 3rd period - Slapshot by Danny Syvret.
16:34 of 3rd period - Goal by Danny Syvret - Spitfire : 3 - Gangsters : 4.
16:35 of 3rd period - Alexandre Bolduc wins face-off versus Denis Shvidki in neutral zone.
17:11 of 3rd period - Danny Syvret is hit by Artem Anisimov and loses puck.
17:59 of 3rd period - Penalty to Andrew Campbell is over, Andrew Campbell is back on ice.
18:18 of 3rd period - Matt Walker is hit by Colten Teubert and loses puck.
18:37 of 3rd period - Mathieu Roy is hit by Shaun Heska and loses puck.
19:02 of 3rd period - Snap shot by Chris Bourque.
19:02 of 3rd period - Shot Misses the Net.
19:06 of 3rd period - Slapshot by Chris Bourque.
19:06 of 3rd period - Stopped by Yann Danis without a rebound.
19:07 of 3rd period - Todd McLellan call a timeout for Spitfire.
19:07 of 3rd period - Kris Beech wins face-off versus Alexandre Bolduc in Spitfire zone.
19:14 of 3rd period - Spitfire, Yann Danis is pulled from the net.
19:14 of 3rd period - Slapshot by Kris Beech.
19:14 of 3rd period - Shot Misses the Net.
19:38 of 3rd period - Snap shot by Alexandre Bolduc.
19:38 of 3rd period - Shot Misses the Net.
19:40 of 3rd period - Wrist shot by Chris Bourque.
19:40 of 3rd period - Deflect By Alexandre Bolduc.
19:40 of 3rd period - Shot Misses the Net.
19:40 of 3rd period - Puck is out of play.
19:41 of 3rd period - Yann Danis from Spitfire was sent back in the game.
19:41 of 3rd period - Alexandre Bolduc wins face-off versus Kris Beech in Spitfire zone.
19:56 of 3rd period - Wrist shot by Chris Bourque.
19:56 of 3rd period - Deflect By Alexandre Bolduc.
19:56 of 3rd period - Shot Misses the Net.
19:56 of 3rd period - Puck is out of play.
19:57 of 3rd period - Alexandre Bolduc wins face-off versus Kris Beech in Spitfire zone.
Goals for this period are 1 for Spitfire vs 0 for Gangsters.
Shots for this period are 1 for Spitfire vs 6 for Gangsters.
Output by the SimonT Hockey Simulator (STHS) for François Prévost -- Original Page W3C XHTML 1.0 Valid